 Dungeon Crawl Stone Soup version 0.29.1-15-g9cfb28693d (webtiles) character file.

Game seed: 9121771372378330720

74 jtron the Slasher (level 4, 0/37 HPs)
             Began as a Meteoran Wanderer on Feb 26, 2023.
             Slain by an orc
             ... wielding a +1 vorpal hand axe
              (2 damage)
             ... on level 3 of the Dungeon.
             The game lasted 00:04:27 (1447 turns).

jtron the Slasher (Meteoran Wanderer)               Turns: 1447, Time: 00:04:28

Health: 0/37       AC:  5    Str: 13    XL:     4   Next: 84%
Magic:  5/5        EV: 11    Int:  9    God:
Gold:   138        SH:  0    Dex: 20    Spells: 3/3 levels left

rFire   . . .      SeeInvis .   l - +1 short sword (speed)
rCold   . . .      Faith    .   (no shield)
rNeg    . . .      Spirit   .   f - +0 leather armour
rPois   .          Reflect  .   w - +0 helmet
rElec   .          Harm     .   (no cloak)
rCorr   .          Rampage  .   s - +0 pair of gloves
Will    .....                   (no boots)
Stlth   +.........              (no amulet)
HPRegen 0.12/turn               (no ring)
MPRegen 0.09/turn               (no ring)

@: glowing
A: sense surroundings 1, otherworldly, glowing, explore regen
a: no special abilities


You were on level 3 of the Dungeon.
You visited 1 branch of the dungeon, and saw 3 of its levels.

You collected 138 gold pieces.

Inventory:

Hand Weapons
 a - a +3 falchion
 b - a +0 spear
 d - a +0 dagger
 l - a +1 short sword of speed (weapon)
Missiles
 c - 12 poisoned darts (quivered)
Armour
 f - a +0 leather armour (worn)
 s - a +0 pair of gloves (worn)
 w - a +0 helmet (worn)
Jewellery
 j - a +6 ring of dexterity
Scrolls
 m - 2 scrolls of magic mapping
 n - 4 scrolls of identify {unknown}
 o - a scroll of fog {unknown}
 p - a scroll of noise {unknown}
 u - a scroll of fear
 y - a scroll of enchant armour {unknown}
Potions
 e - 2 potions of attraction
 g - 2 potions of flight
 h - a potion of heal wounds
 i - a potion of haste
 k - a potion of degeneration {unknown}
 q - a potion of brilliance {unknown}
 r - a potion of magic {unknown}
 t - a potion of might {unknown}
 v - a potion of resistance {unknown}
 x - a potion of curing {unknown}


   Skills:
 * Level 2.5 Fighting
 + Level 1.0(2.6) Short Blades
 - Level 4.3(4.4) Long Blades
 - Level 1.2 Polearms
 + Level 4.2 Throwing
 + Level 2.9 Armour
 + Level 0.1 Stealth


You had 3 spell levels left.
You didn't know any spells.
Your spell library contained the following spells:

 Spells                   Type           Power      Damage    Failure   Level
 Summon Guardian Golem    Hex/Summ       0%         N/A       83%         3
 Orb of Destruction       Conj           0%         9d5       100%        7
 Spellforged Servitor     Conj/Summ      0%         N/A       100%        7


Dungeon Overview and Level Annotations

Branches:
Dungeon (3/15) Zot: 408

Altars:

Shops:
D:3 *


Innate Abilities, Weirdness & Mutations

You passively map a small area around you.
You are easily found by Zot.
You glow in the dark.
You regain HP and MP as you explore.


Message History

The endoplasm quivers.
The orc shouts!
You puncture the orc!
You kill the orc!
Your base Short Blades skill increases to level 1!
You aren't carrying any items that you can evoke.
A magic dart appears from out of thin air!
The magic dart hits you.
Things that are here:
a +0 dagger; an orc corpse You hear some strange, mumbled words.
A magic dart appears from out of thin air!
The magic dart hits you.
You see here a jackal corpse.
You hit the orc wizard.
The orc wizard is lightly wounded.
You hit the orc wizard but do no damage.
The orc wizard is lightly wounded.
The orc priest begins to cast a cantrip, but forgets the words!
The orc wizard gestures wildly while chanting.
The orc wizard flickers and vanishes!
You miss something. Something hits you.
The orc throws a throwing net.
The throwing net hits you.
You become entangled in the net!
You hear some strange, mumbled words.
Something tries to affect you, but you resist.
You struggle against the net.
You hear some strange, mumbled words.
Something tries to affect you, but you resist.
Something hits you but does no damage.
The orc priest hits you with a +0 flail.
* * * LOW HITPOINT WARNING * * *
You tear a large gash into the net.
Something hits you.
* * * LOW HITPOINT WARNING * * *
The orc hits you but does no damage. Something hits you.
* * * LOW HITPOINT WARNING * * *
The orc priest barely misses you.
You rip the net and break free!
Something hits you but does no damage.
The orc hits you with a +1 vorpal hand axe.
* * * LOW HITPOINT WARNING * * *
You die...

, #.# #.# *
#.# , #.# * ,,
#.# ,>* #.#
##.##########.
#.....{o......
*
#....)@{J.....
, *
#.#####o#####.
* , , ... .# ,
* ..... .#
####. .# * ,
#., , .# > ##
* ,


You could see an orc priest, an orc and an endoplasm.

Vanquished Creatures
  2 adders (D:2)
  2 dart slugs (D:1)
  5 orcs (D:3)
  2 endoplasms
  2 giant cockroaches (D:1)
  2 goblins (D:1)
  5 hobgoblins
  5 jackals (D:3)
  5 kobolds
  2 quokkas
  4 ball pythons (D:1)
  5 bats
  2 frilled lizards
  2 rats
45 creatures vanquished.

Notes
Turn   | Place    | Note
-------+----------+-------------------------------------------
     0 | D:1      | jtron the Meteoran Wanderer began the quest for the Orb.
     0 | D:1      | jtron set off with the following items: a +2 falchion, a +0
                  | spear, 12 poisoned darts, a +0 dagger, a potion of
                  | attraction, a +0 leather armour.
     0 | D:1      | Reached XP level 1. HP: 16/16 MP: 2/2
     3 | D:1      | Noticed a tengu
     3 | D:1      | Noticed a troll
     5 | D:1      | Noticed a meteoran
     7 | D:1      | Noticed an elf
     7 | D:1      | Noticed a demigod
     9 | D:1      | Noticed a palentonga
     9 | D:1      | Noticed a spriggan
    11 | D:1      | Noticed an octopode
    11 | D:1      | Noticed a human
    13 | D:1      | Noticed a formicid
    13 | D:1      | Noticed a merfolk
    15 | D:1      | Noticed a ghoul
    15 | D:1      | Noticed a demonspawn
    17 | D:1      | Noticed a felid
    17 | D:1      | Noticed a minotaur
    19 | D:1      | Noticed a naga
    21 | D:1      | Noticed a gargoyle
    23 | D:1      | Noticed a draconian
    23 | D:1      | Noticed a vampire
    26 | D:1      | Noticed a felid
    26 | D:1      | Noticed an ogre
    28 | D:1      | Noticed a ghoul
    28 | D:1      | Noticed a felid
    82 | D:1      | Reached XP level 2. HP: 21/23 MP: 3/3
   205 | D:1      | Found a faded altar of an unknown god.
   346 | D:1      | Reached XP level 3. HP: 24/28 MP: 4/4
   497 | D:1      | Glimpsed the power of Zot.
   910 | D:2      | Reached XP level 4. HP: 33/36 MP: 5/5
  1132 | D:2      | Glimpsed the power of Zot.
  1276 | D:3      | Found Uplaxekh's Assorted Antiques.
  1440 | D:3      | Reached skill level 1 in Short Blades
  1447 | D:3      | Slain by an orc

Illustrated notes

Levels and vault maps discovered:
D:1:      kb_arrival_jail, layout_basic, serial_rivers,
          chequers_serial_rivers_marsh, chequers_serial_rivers_micro_d,
          chequers_serial_rivers_small_a, chequers_serial_rivers_small_a,
          basic_ecumenical_altar
D:2:      layout_loops_ring, chequers_serial_rivers_room_a
D:3:      layout_loops_ring, serial_shops, shop, kennysheep_generic_room_8,
          uniq_robin

Skill      XL: |  1  2  3  4 |
---------------+-------------+-----
Long Blades    | 4 |  4.3
Throwing       | 4 |  4.2
Fighting       | 2 |  2.5
Short Blades   | 1 |  1.0
Polearms       | |  1.2
Armour         | |  2.9
Stealth        | |  0.1

Action                   |  1- 3 |  4- 6 || total
-------------------------+-------+-------++-------
Melee: Falchion          |    38 |       ||    38
       Short sword       |    41 |    77 ||   118
       Punch             |       |     1 ||     1
Throw: Dart              |     1 |       ||     1
  Use: Potion            |     3 |       ||     3
       Scroll            |     3 |     1 ||     4
Armor: Leather armour    |    26 |    27 ||    53
Dodge: Dodged            |    26 |    33 ||    59
